cohdb
Replays
Latest Replays
All Replays
Popular Replays
Top Player Replays
Match Explorer
How It Works
Community
CoH3 Stats
Reddit
Sign in to upload your games and track your stats! →
Sign in with Steam
Match 39695040
Unlisted
Match 39695040
Overview
Messages
Build Orders
End
Kradschützen Motorcycle Team
Panzerpioneer Squad
Selects Panzerjäger Kommand Battlegroup
250 Light Carrier
Construct Light Support Kompanie
MG34 Team
Panzerjäger Squad
2.5-tonne Medical Truck
Selects Mine Fields
Assault Mechanized Group
Selects Tank Busters
Assault Grenadier Squad
Construct Mechanized Kompanie
Support Armor Elements
StuG III D Assault Gun
Panzerjäger Squad
Selects Crew Shock Tactics
Vehicle Survival Package
StuG III D Assault Gun
Emergency Repair Kits
Rommel
Nashorn101
gobiobotia naktongensis
Donald Trump_God of Earth
0
0
Comments
sign in to comment!
No comments posted yet!